 Dungeon Crawl Stone Soup version 0.29.1-15-g9cfb28693d (webtiles) character file.

Game seed: 13088673655949150046

44 shadowmeld the Magician (level 3, -3/26 HPs)
             Began as a Djinni Fire Elementalist on Apr 11, 2023.
             Slain by Sigmund
             ... wielding a +0 scythe
              (11 damage)
             ... on level 3 of the Dungeon.
             The game lasted 00:12:41 (2132 turns).

shadowmeld the Magician (Djinni Fire Elementalist)  Turns: 2132, Time: 00:12:42

Health: -3/26      AC:  4    Str:  6 (7)  XL:     3   Next: 85%
Gold:   66         EV: 12    Int: 15 (18) God:
                   SH:  0    Dex: 11 (13)

rFire   + + .      SeeInvis +   l - +3 dagger of Absolution {flame, *Slow rPois SInv}
rCold   . . .      Faith    .   (no shield)
rNeg    . . .      Spirit   .   a - +0 robe
rPois   ∞          Reflect  .   (no helmet)
rElec   .          Harm     .   e - +0 cloak
rCorr   .          Rampage  .   i - +0 pair of gloves
Will    +....                   (boots unavailable)
Stlth   ++........              (no amulet)
HPRegen 0.08/turn               q - ring of willpower
MPRegen 0.00/turn               f - ring of protection from cold

@: flying
A: sickness immunity, fire resistance 2, cold vulnerability 1, float, innate
caster, HP casting, extra vitality 1
a: no special abilities


You were on level 3 of the Dungeon.
You visited 1 branch of the dungeon, and saw 3 of its levels.

You collected 66 gold pieces.

Inventory:

Hand Weapons
 l - the +3 dagger of Absolution (weapon) {flame, *Slow rPois SInv}
   (You found it on level 2 of the Dungeon)

   It burns those it strikes, dealing additional fire damage.
   rPois:     It protects you from poison.
   SInv:      It lets you see invisible.
   *Slow:     It may slow you when you take damage.
Missiles
 h - 13 stones
Armour
 a - a +0 robe (worn)
 e - a +0 cloak (worn)
 i - a +0 pair of gloves (worn)
Jewellery
 c - a +6 ring of strength
 f - a ring of protection from cold (right hand)
 q - a ring of willpower (left hand)
Scrolls
 d - 2 scrolls of teleportation {unknown}
 j - 2 scrolls of identify {unknown}
 n - a scroll of enchant weapon {unknown}
 p - a scroll of magic mapping {unknown}
Potions
 b - a potion of mutation {unknown}
 g - a potion of flight {unknown}
 k - a potion of degeneration
 m - a potion of ambrosia {unknown}


   Skills:
 * Level 0.9 Fighting
 + Level 2.3 Dodging
 - Level 1.6 Stealth
 * Level 3.3 Spellcasting


You couldn't memorise any spells.
You knew the following spells:

 Your Spells              Type           Power      Damage    Failure   Level
a - Foxfire               Conj/Fire      48%        2x1d6     4%          1
b - Scorch                Fire           24%        2d6       8%          2
c - Conjure Flame         Conj/Fire      12%        6-21      14%         3
d - Inner Flame           Hex/Fire       12%        N/A       14%         3
e - Flame Wave            Conj/Fire      12%        2d6       43%         4
f - Sting                 Tmut/Pois      48%        1d5       4%          1
Your spell library was empty.

Dungeon Overview and Level Annotations

Branches:
Dungeon (3/15)

Altars:
Trog

Annotations:
D:3 Sigmund


Innate Abilities, Weirdness & Mutations

You are immune to sickness and miasma.
You are immune to poison.
Your flesh is very heat resistant. (rF++)
You are vulnerable to cold. (rC-)
You float through the air rather than walking.
You learn spells naturally, not from books.
Your magical power is your life essence.
You have superior vitality. (+4 MHP)


Message History

You kill the orc!
Sigmund is nearby!
It was a potion of degeneration.
There was something very wrong with that liquid.
You feel weakened.
You feel dopey.
You feel clumsy.
It was a potion of invisibility.
You fade into invisibility!
There is a stone staircase leading up here.
You fly upwards.
There is a stone staircase leading down here.
You start resting.
You flicker for a moment.
You start resting.
You flicker back into view.
You start resting.
HP restored.
You fly downwards.
Level annotation: Sigmund
There is a stone staircase leading up here.
Sigmund shouts!
Casting: Scorch (safe; 8% risk of failure)
Confirm with . or Enter, or press ? or * to list all spells.
Flames lash Sigmund.
Sigmund is lightly wounded.
Sigmund's fire resistance burns away.
Sigmund hits you but does no damage.
Casting: Scorch (safe; 8% risk of failure)
Confirm with . or Enter, or press ? or * to list all spells.
Flames lash Sigmund.
Sigmund is burned terribly!
Sigmund is heavily wounded.
Sigmund hits you from afar with a +0 scythe!
Casting: Scorch (safe; 8% risk of failure)
Confirm with . or Enter, or press ? or * to list all spells.
Flames lash Sigmund.
Sigmund is burned terribly!
Sigmund is heavily wounded.
Casting: Scorch (safe; 8% risk of failure)
Confirm with . or Enter, or press ? or * to list all spells.
Flames lash Sigmund.
Sigmund is burned terribly!
Sigmund is almost dead.
Sigmund hits you from afar with a +0 scythe!
You die...

....@.. +..........#
...... ####......##
#.... ##....## #@..
#...## #.. ##.##
####'#### #.# #.[...@.#
#.# ####.#####.# #.#
#....# #@# #<# #.@..#
#.# #.# #.......#
#.#######.#
#.###.#.#####.........#
# #.#.......#########
..###..#### ### #. ..
##


You could see Sigmund (combustible).

Vanquished Creatures
  An adder (D:2)
  An orc (D:3)
  4 ball pythons
  4 endoplasms
  A goblin (D:1)
  4 hobgoblins
  3 jackals (D:2)
  3 bats
  A frilled lizard (D:1)
  3 kobolds
  5 rats
30 creatures vanquished.

Vanquished Creatures (others)
  79 foxfires
79 creatures vanquished.

Grand Total: 109 creatures vanquished

Notes
Turn   | Place    | Note
-------+----------+-------------------------------------------
     0 | D:1      | shadowmeld the Djinni Fire Elementalist began the quest for
                  | the Orb.
     0 | D:1      | shadowmeld set off with the following spells memorised:
                  | Foxfire, Scorch, Conjure Flame, Inner Flame, Flame Wave.
     0 | D:1      | Reached XP level 1. HP: 15/15 MP: 0/0
   322 | D:1      | Reached XP level 2. HP: 18/21 MP: 0/0
   452 | D:1      | Found a faded altar of an unknown god.
   766 | D:2      | Identified the +3 dagger of Absolution {flame, *Slow rPois
                  | SInv}
  1010 | D:2      | Reached skill level 3 in Spellcasting
  1010 | D:2      | Reached XP level 3. HP: 22/26 MP: 0/0
  1010 | D:2      | Learned a level 1 spell: Sting
  1761 | D:2      | Found a bloodstained altar of Trog.
  1880 | D:3      | Noticed Sigmund
  2132 | D:3      | Slain by Sigmund

Illustrated notes

Levels and vault maps discovered:
D:1:      ncdulo_smallfort, layout_loops_ring, chequers_ecumenical_altar_simple
D:2:      layout_basic, basic_altar, amcnicky_mini_corridor_feature
D:3:      layout_loops_corners, amcnicky_altar_gilded, nicolae_overflow_squiral,
          uniq_sigmund, uniq_grinder

Skill      XL: |  1  2 |
---------------+-------+-----
Spellcasting   | 3 |  3.3
Fighting       | |  0.9
Dodging        | |  2.3
Stealth        | |  1.6

Action                   || total
-------------------------++-------
 Cast: Foxfire           ||    53
       Scorch            ||     9
  Use: Potion            ||     2
Armor: Robe              ||     6
Dodge: Dodged            ||     6
